[Event "*** Titled Tuesday Blitz"]
[Site "Chess.com"]
[Date "2021.03.09"]
[Round "3"]
[White "DenLaz"]
[Black "stoleriu"]
[Result "1/2-1/2"]
[WhiteElo "2836"]
[BlackElo "2608"]
[TimeControl "180+1"]
[EndTime "10:33:06 PST"]
[Termination "Game drawn - insufficient material"]

1. d4 e6 2. c4 b6 3. e4 Bb7 4. Bd3 Bb4+ 5. Kf1 Be7 6. Nc3 d6 7. Nf3 Nd7 8. g4 e5 9. d5 Ngf6 10. h3 h5 11. g5 Nh7 12. Rg1 g6 13. Be3 Nc5 14. Be2 a5 15. b3 Qd7 16. Kg2 Bc8 17. Rh1 f5 18. gxf6 Bxf6 19. Qd2 g5 20. Rag1 Rg8 21. Kf1 Qe7 22. Ne1 h4 23. Bg4 Bxg4 24.
Rxg4 O-O-O 25. Nf3 Rg7 26. Rhg1 Rdg8 27. Qc2 Qd7 28. a3 Na6 29. Ke2 Be7 30. Nxh4 Nf6 31. Rxg5 Rxg5 32. Rxg5 Rxg5 33. Bxg5 Qxh3 34. Nf3 Qg4 35.
Bxf6 Bxf6 36. Qd1 Nc5 37. Qc2 Na6 38. Qb1 Kb7 39. b4 axb4 40. axb4 Bg5 41. Qb3 Qf4 42. Qb2 Qc1 43. Qxc1 Bxc1 44. Na2 Ba3 45. b5 Nc5 46. Nd2 Bb2 47. f3 Bd4 48. Nb1 Na4 49. Nd2 Kc8 50. Nc1 Kd7 51. Nd3 Bc3 52. Nb1 Bd4 53. Kd2 Ke7 54. Ke2 Kf6 55. Kd2 Kg5 56. Ke2 Kh4 57.
Nb4 Nc5 58. Na6 Na4 59. Nxc7 Nb2 60. Na3 Bc5 61. Nb1 Nxc4 62. Ne6 Bb4 63. Kd3 Na5 64. Nc3 Kg3 65. Na2 Be1 66. Ke2 Bf2 67. Nc1 Bg1 68.
Nd3 Nc4 69. f4 exf4 70. Ndxf4 Kg4 71. Nd3 Kg3 72. Nc7 Kg4 73. Ne8 Kg5 74. Ng7 Kf6 75.
Nf5 Kf7 76. Nh6+ Ke7 77. Ng4 Kd7 78. Nf6+ Ke7 79. Nh5 Kd7 80. Ng3 Bh2 81. Nf5 Na3 82. Nf2 Nxb5 83. Ng4 Bf4 84. Kd3 Nc7 85. Nf6+ Kc8 86.
Ng8 b5 87. Nge7+ Kd7 88. Nc6 Bh2 89. Ncd4 Bf4 90. Nc2 Be5 91. Nce3 Bf4 92. Ng4 Kc8 93. Kc3 Kd7 94. Nf6+ Kc8 95. Kb3 Be5 96. Ng4 Bf4 97. Nf2 Be5 98. Nd3 Bh2 99. Nc1 Kb7 100. Na2 Kb6 101.
Nc1 Na6 102. Nd3 Nc5+ 103. Nxc5 Kxc5 104. Kc3 Be5+ 105. Kb3 b4 106. Ng7 Bc3 107. Nf5 Be5 108. Nh6 Kd4 109. Ng4 Kxe4 110. Kxb4 Kxd5 111. Kb3 Ke4 112. Kc2 Bf4 113. Nf2+ Kd4 114. Nd3 Be3 115. Nb2 Kc5 116. Nd3+ Kc4 117. Nb2+ Kd4 118. Nd3 Bh6 119. Nb2 Bg7 120. Nd3 Kc4 121. Nc1 d5 122. Nd3 Bd4 123. Ne1 Be3 124. Nd3 Bb6 125. Ne5+ Kd4 126. Nd3 Ke3 127. Nb4 d4 128.
Nd3 Ba5 129. Ne5 Bc7 130. Nd3 Ke2 131. Nc1+ Ke1 132. Kd3 Bb6 133. Nb3 Kf2 134. Nxd4 1/2-1/2

[Event "*** Titled Tuesday Blitz"]
[Site "Chess.com"]
[Date "2021.03.09"]
[Round "3"]
[White "ckgchess"]
[Black "enriquetejedor"]
[Result "1/2-1/2"]
[WhiteElo "2777"]
[BlackElo "2540"]
[TimeControl "180+1"]
[EndTime "10:34:12 PST"]
[Termination "Game drawn by 50-move rule"]

1. d4 Nf6 2. Nf3 d5 3. c4 e6 4. g3 Be7 5. Bg2 dxc4 6. Nc3 O-O 7. Ne5 c5 8. dxc5 Qxd1+ 9. Nxd1 Nbd7 10. Nxc4 Nxc5 11.
b3 Nd5 12. Bb2 b5 13. Nce3 Nxe3 14. Nxe3 Rb8 15. Be5 Rb6 16. O-O Bb7 17. Rfd1 Bxg2 18. Kxg2 f6 19. Bd4 Rc6 20. Rac1 Rfc8 21. Rc2 Ne4 22. Rxc6 Rxc6 23. Bxa7 Ra6 24. Rd7 Kf8 25. Nc2 Ke8 26. Rb7 e5 27. a3 h5 28. Be3 Nd6 29. Ra7 Rxa7 30. Bxa7 Nf5 31. e4 Nd6 32. f3 Nb7 33. Bb6 Kd7 34. Kf2 Kc6 35. Be3 g6 36. Ke2 Na5 37. b4 Nc4 38. Kd3 f5 39. Bc1 Bf8 40. a4 Nb6 41. a5 Nc8 42. Bb2 Bd6 43.
Bc3 Ne7 44. Ne3 f4 45. gxf4 exf4 46. Nc2 g5 47. Nd4+ Kd7 48. Nxb5 Bb8 49. a6 Nc6 50. Bd4 Nxb4+ 51. Kc4 Nxa6 52. Nc3 g4 53. fxg4 hxg4 54. Nd5 g3 55. hxg3 fxg3 56. Kd3 Ke6 57. Ke2 Bd6 58. Kf3 Nc5 59. Bxc5 Bxc5 60. Kxg3 Ke5 61. Kf3 Bd6 62. Ne3 Bf8 63. Ng4+ Ke6 64. Nf2 Ba3 65. Nd3 Bd6 66. Ke3 Be7 67. Kd4 Bf6+ 68. Kc4 Bg7 69. Kc5 Kd7 70. Kd5 Ba1 71. Nf4 Ke8 72. Ne6 Bb2 73. Nc7+ Kd7 74. Nb5 Ke8 75. Nd4 Bc1 76. Nf5 Bf4 77.
Nd6+ Kd7 78. Nf7 Bc7 79. Ng5 Ke7 80. Ne6 Bb8 81. Nd4 Bh2 82. Nf5+ Kf6 83. Ne3 Bb8 84. Nc4 Ke7 85. Ne5 Bc7 86. Nc6+ Kd7 87. Nd4 Ke7 88. Nf5+ Kd7 89. Nd4 Ke7 90. Ne6 Bb8 91. Nc5 Bg3 92. Na6 Bh2 93. Nb4 Bg3 94. Nc6+ Ke8 95. Nd4 Bh2 96.
Nf5 Bf4 97. Ke6 Bb8 98. Nd6+ Kd8 99. e5 Ba7 100. Kf7 Bf2 101. e6 Bh4 102. Nf5 Bg5 103. Ng7 Be7 104. Nh5 Ba3 105. Nf6 Bb4 106. Nd5 Ba3 107. Nb6 Bc5 108. Nd5 Bd6 109. Kf6 Bc5 110. Ke5 Ke8 111. Ke4 Bd6 112. Kd3 Bf8 113. Kc4 Bd6 114. Kb5 Ba3 115. Kc6 Bf8 116. Kc7 Bc5 117. Kc6 Bf8 118. Nc7+ Ke7 119. Kd5 Bh6 120. Nb5 Bg7 121. Nd6 Bf8 122. Nf5+ Kf6 123. Nd4 Ke7 124. Nc6+ Ke8 125. Ke5 Be7 126. Nd4 Bf8 127. Nf5 Bb4 128. Kf6 Bc3+ 129. Kg6 Bb4 130. Kg5 Bd2+ 131. Kg4 Bb4 132. Kf3 Ba3 133. Ke4 Bb4 134. Kd5 Ba3 135. Nd4 Bb4 136. Nc6 Be7 137. Ne5 Ba3 138. Ng6 Be7 139. Ne5 Ba3 140. Nd3 Be7 141. Ke5 Bf8 142. Nf4 Bg7+ 143. Kf5 Bf8 144. Nd5 Ba3 145. Nc7+ Kd8 146. Nb5 Bb4 147. Ke5 Ke8 148. Kd5 Bf8 149. Nc7+ Kd8 150. Na6 Ke7 151. Nb8 1/2-1/2

[Event "*** Titled Tuesday Blitz"]
[Site "Chess.com"]
[Date "2021.03.09"]
[Round "4"]
[White "dopolian"]
[Black "starplatinum2030"]
[Result "0-1"]
[WhiteElo "2396"]
[BlackElo "2187"]
[TimeControl "180+1"]
[EndTime "10:36:11 PST"]
[Termination "starplatinum2030 won by resignation"]

1. c4 c5 2. b3 Nc6 3. Bb2 Nf6 4. Nf3 g6 5. d4 cxd4 6. Nxd4 Bg7 7. Nc3 O-O 8. g3 d5 9. cxd5 Nxd5 10. Nxc6 bxc6 11.
Qd2 Nxc3 12. Bxc3 Qxd2+ 13. Kxd2 Rd8+ 14. Kc2 Bf5+ 15. Kb2 Rd2+ 16. Ka3 Bxc3 17. Rc1 Bb2+ 0-1

[Event "*** Titled Tuesday Blitz"]
[Site "Chess.com"]
[Date "2021.03.09"]
[Round "4"]
[White "dusanacns"]
[Black "ShcufNaiRolf"]
[Result "1-0"]
[WhiteElo "2714"]
[BlackElo "2371"]
[TimeControl "180+1"]
[EndTime "10:36:34 PST"]
[Termination "dusanacns won by resignation"]

1. e4 e5 2. d4 exd4 3. Qxd4 Nc6 4. Qe3 Nf6 5. Nc3 Bb4 6. Bd2 O-O 7. O-O-O Re8 8.
Qf4 Bxc3 9. Bxc3 Nxe4 10. Bc4 Re7 11. Bxf7+ Rxf7 12. Qxe4 d6 13. Nf3 Bf5 14. Qc4 Bg4 15. Qxg4 1-0

[Event "*** Titled Tuesday Blitz"]
[Site "Chess.com"]
[Date "2021.03.09"]
[Round "4"]
[White "PavelShkapenko"]
[Black "Gerasimenyuk_Miha"]
[Result "1-0"]
[WhiteElo "2703"]
[BlackElo "2438"]
[TimeControl "180+1"]
[EndTime "10:36:38 PST"]
[Termination "PavelShkapenko won by resignation"]

1. e4 d5 2. exd5 Qxd5 3. Nf3 Bg4 4. Be2 Nc6 5. h3 Qh5 6. O-O Nf6 7. d4 O-O-O 8. hxg4 Nxg4 9. Bf4 e5 10. Bg3 e4 11. Nh2 f5 12. Bxg4 fxg4 13. c3 Kb8 14.
Qxg4 Qf7 15. Nd2 h5 16. Qf4 g5 17. Qxf7 1-0

[Event "*** Titled Tuesday Blitz"]
[Site "Chess.com"]
[Date "2021.03.09"]
[Round "4"]
[White "PrinceMurad09"]
[Black "igorkovalenko"]
[Result "0-1"]
[WhiteElo "2552"]
[BlackElo "2941"]
[TimeControl "180+1"]
[EndTime "10:37:00 PST"]
[Termination "igorkovalenko won by resignation"]

1. e4 c5 2. Nf3 Nc6 3. d4 cxd4 4. Nxd4 e5 5. Nb5 d6 6. g3 a6 7. N5c3 Be7 8. Bg2 Nf6 9. O-O h5 10. h4 Bg4 11. Qe1 Rc8 12. Nd5 Nxd5 13. exd5 Nd4 14. Na3 Nf3+ 15. Bxf3 Bxf3 16. c4 Qd7 17. Qe3 Qg4 18.
b3 Bxh4 19. Kh2 Bf6 0-1

[Event "*** Titled Tuesday Blitz"]
[Site "Chess.com"]
[Date "2021.03.09"]
[Round "4"]
[White "Vandros57"]
[Black "TooOldTooSlow70"]
[Result "0-1"]
[WhiteElo "2197"]
[BlackElo "2502"]
[TimeControl "180+1"]
[EndTime "10:37:05 PST"]
[Termination "TooOldTooSlow70 won by resignation"]

1. d4 Nf6 2. Nf3 g6 3. c4 Bg7 4. Nc3 d5 5. Bg5 dxc4 6. e3 Be6 7. Ne5 Nd5 8. Nxc4 c5 9. Be2 Nc6 10. O-O cxd4 11. exd4 Nxd4 12. Nxd5 Qxd5 13. Be3 Nxe2+ 14. Qxe2 Qxc4 0-1

[Event "*** Titled Tuesday Blitz"]
[Site "Chess.com"]
[Date "2021.03.09"]
[Round "4"]
[White "DonBroca"]
[Black "Vamostodorecto"]
[Result "0-1"]
[WhiteElo "2149"]
[BlackElo "2380"]
[TimeControl "180+1"]
[EndTime "10:37:13 PST"]
[Termination "Vamostodorecto won by resignation"]

1. e4 e5 2. Nf3 Nc6 3. Bb5 a6 4. Ba4 Nf6 5. O-O Be7 6. Re1 b5 7. Bb3 O-O 8. h3 Bb7 9. c3 d5 10. exd5 Nxd5 11. Nxe5 Nxe5 12. Rxe5 Nf4 13. Qg4 Nd3 14.
Rh5 Nxc1 15. Bc2 g6 16. Rxh7 Kxh7 17. Qh5+ Kg7 18. Qd1 0-1

[Event "*** Titled Tuesday Blitz"]
[Site "Chess.com"]
[Date "2021.03.09"]
[Round "4"]
[White "Unknown_IM"]
[Black "Sychev_Klementy"]
[Result "0-1"]
[WhiteElo "2388"]
[BlackElo "2878"]
[TimeControl "180+1"]
[EndTime "10:37:44 PST"]
[Termination "Sychev_Klementy won by resignation"]

1. e4 e5 2. Nf3 Nc6 3. Bb5 a6 4. Ba4 d6 5. c3 f5 6. exf5 Bxf5 7. O-O Bd3 8. Re1 Be7 9. Bc2 Bxc2 10. Qxc2 Nf6 11.
Qb3 Qd7 12. d4 e4 13. Ng5 d5 14. f3 h6 15. Nh3 exf3 16. Nf4 O-O-O 17. Nd2 fxg2 18. Nf3 Qg4 19. Ne5 Nxe5 20. dxe5 Bc5+ 21. Be3 Bxe3+ 22. Rxe3 Qxf4 0-1

[Event "*** Titled Tuesday Blitz"]
[Site "Chess.com"]
[Date "2021.03.09"]
[Round "4"]
[White "ErikRonka"]
[Black "PawnEatingZombie"]
[Result "1-0"]
[WhiteElo "2392"]
[BlackElo "2226"]
[TimeControl "180+1"]
[EndTime "10:37:44 PST"]
[Termination "ErikRonka won by resignation"]

1. d4 d5 2. c4 e6 3. Nc3 Bb4 4. a3 Bxc3+ 5. bxc3 Nf6 6. e3 c6 7. cxd5 exd5 8. Bd3 O-O 9. Ne2 b6 10. O-O Ba6 11.
f3 Bxd3 12. Qxd3 Nbd7 13. Ng3 h5 14. e4 h4 15. Nf5 Nh7 16. e5 Re8 17. Nd6 Re6 18. f4 g6 19. f5 gxf5 20. Qxf5 Qe7 21. Nxf7 Rf8 22. Qg4+ 1-0

[Event "*** Titled Tuesday Blitz"]
[Site "Chess.com"]
[Date "2021.03.09"]
[Round "4"]
[White "AttackSparrow"]
[Black "ChessQueen"]
[Result "0-1"]
[WhiteElo "2528"]
[BlackElo "2776"]
[TimeControl "180+1"]
[EndTime "10:37:47 PST"]
[Termination "ChessQueen won by resignation"]

1. e4 c6 2. d4 d5 3. exd5 cxd5 4. c4 Nf6 5. Nc3 Nc6 6. Bg5 Be6 7. a3 a6 8. Nf3 g6 9. Bxf6 exf6 10. cxd5 Bxd5 11. Rc1 Bh6 12. Qe2+ Kf8 13. Nxd5 Qxd5 14. Qc4 Qe4+ 15. Be2 Bxc1 16. Qxc1 Kg7 17. d5 Rhe8 18. Qe3 Qb1+ 0-1

[Event "*** Titled Tuesday Blitz"]
[Site "Chess.com"]
[Date "2021.03.09"]
[Round "4"]
[White "ParvizGasimov"]
[Black "xImpervious"]
[Result "1-0"]
[WhiteElo "2407"]
[BlackElo "2136"]
[TimeControl "180+1"]
[EndTime "10:37:52 PST"]
[Termination "ParvizGasimov won by resignation"]

1. e4 c5 2. Nf3 d6 3. d4 cxd4 4.
Nxd4 Nf6 5. Nc3 a6 6. Be3 e5 7. Nb3 Be7 8. f3 Be6 9. Qd2 Nbd7 10. g4 b5 11. g5 Nb6 12. gxf6 Bxf6 13. Nd5 Nxd5 14.
exd5 Bf5 15. Bd3 Bh4+ 16. Bf2 Bh3 17. O-O-O Bg2 18. Rhg1 Bxf3 19. Rde1 h6 20. Rxg7 Bg5 21. Be3 Qf6 22. Rxg5 hxg5 23. Bxg5 Qg7 24. Rf1 Bg4 25.
Bf6 Qh6 26. Bxh8 Qxh8 27. Qg5 Bh5 28. Na5 Rc8 29. Nc6 1-0

[Event "*** Titled Tuesday Blitz"]
[Site "Chess.com"]
[Date "2021.03.09"]
[Round "4"]
[White "hansen"]
[Black "sofaceindisguise"]
[Result "1-0"]
[WhiteElo "2854"]
[BlackElo "2582"]
[TimeControl "180+1"]
[EndTime "10:38:00 PST"]
[Termination "hansen won by resignation"]

1. e4 e5 2. Nf3 Nc6 3. Bb5 Nf6 4. d3 Bc5 5. c3 d6 6. O-O O-O 7. h3 a5 8. d4 Bb6 9. Re1 exd4 10. cxd4 d5 11. e5 Ne4 12. Nc3 f5 13. exf6 Nxc3 14.
f7+ Rxf7 15. bxc3 Bf5 16. Bg5 Qd6 17. Bh4 Be4 18. Ng5 Qg6 19. Nxe4 dxe4 20. Bc4 1-0

[Event "*** Titled Tuesday Blitz"]
[Site "Chess.com"]
[Date "2021.03.09"]
[Round "4"]
[White "KarateBaby"]
[Black "kobemagic"]
[Result "0-1"]
[WhiteElo "2214"]
[BlackElo "2430"]
[TimeControl "180+1"]
[EndTime "10:38:08 PST"]
[Termination "kobemagic won by resignation"]

1. Nf3 Nf6 2. c4 g6 3. Nc3 Bg7 4. e4 d6 5. d4 O-O 6. h3 c5 7.
d5 e6 8. Bd3 exd5 9. exd5 Re8+ 10. Be3 Nbd7 11. O-O a6 12. a4 b6 13. Qc2 Ra7 14.
Rfe1 Ne5 15. Nxe5 Rxe5 16. Re2 Rae7 17. Rae1 Nh5 18. Bf4 Nxf4 0-1

[Event "*** Titled Tuesday Blitz"]
[Site "Chess.com"]
[Date "2021.03.09"]
[Round "4"]
[White "axvesik"]
[Black "semchik73"]
[Result "1-0"]
[WhiteElo "2524"]
[BlackElo "2287"]
[TimeControl "180+1"]
[EndTime "10:38:10 PST"]
[Termination "axvesik won by resignation"]

1. e4 Nf6 2. e5 Nd5 3. d4 d6 4. Nf3 Bg4 5. Be2 c6 6. O-O Bxf3 7. Bxf3 dxe5 8. dxe5 e6 9. c4 Ne7 10. Qxd8+ Kxd8 11. Nc3 Ng6 12. Rd1+ Kc7 13. Ne4 Nd7 14. Ng5 Ndxe5 15.
Bh5 h6 16. Nxf7 Nxf7 17. Bxg6 Nd6 18. Bf4 b6 19. Rd2 Be7 20. Rad1 Rad8 21. Be5 c5 22. Bf7 Kc6 23. Bxe6 Ne4 24. Bd5+ 1-0

[Event "*** Titled Tuesday Blitz"]
[Site "Chess.com"]
[Date "2021.03.09"]
[Round "4"]
[White "Blitzstream"]
[Black "Haykoooo0o"]
[Result "1-0"]
[WhiteElo "2750"]
[BlackElo "2520"]
[TimeControl "180+1"]
[EndTime "10:38:11 PST"]
[Termination "Blitzstream won by resignation"]

1. d4 Nf6 2. Bg5 d5 3. Nd2 g6 4. e3 Bg7 5. Ngf3 O-O 6. Be2 c5 7. c3 Nc6 8. O-O cxd4 9. cxd4 Bf5 10. Rc1 Rc8 11. Nb3 Ne4 12. Bh4 Re8 13. Nfd2 Nxd2 14. Qxd2 Qb6 15. Rc5 Nb4 16. Rb5 Rc2 17. Qxb4 Qc7 18.
Rxb7 Qc8 19. Ba6 Qc6 20. Qb5 Qc4 21. Qxe8+ 1-0

[Event "*** Titled Tuesday Blitz"]
[Site "Chess.com"]
[Date "2021.03.09"]
[Round "4"]
[White "Bigfish1995"]
[Black "abeljusto"]
[Result "1-0"]
[WhiteElo "3075"]
[BlackElo "2171"]
[TimeControl "180+1"]
[EndTime "10:38:38 PST"]
[Termination "Bigfish1995 won by checkmate"]

1. c4 Nf6 2. b3 g6 3. Bb2 Bg7 4. g3 O-O 5. Bg2 c5 6. Nc3 Nc6 7. e3 e5 8. Nge2 d6 9. O-O Bg4 10. h3 Be6 11. d4 exd4 12. exd4 Bf5 13. g4 Bd7 14. d5 Ne7 15. Ng3 a6 16. Re1 Re8 17.
Qd2 b5 18. g5 Nh5 19. Nxh5 gxh5 20. Ne4 Ng6 21. Nf6+ Kh8 22. Rxe8+ Bxe8 23. Nxh5 Bxb2 24. Qxb2+ Kg8 25. Qg7# 1-0

[Event "*** Titled Tuesday Blitz"]
[Site "Chess.com"]
[Date "2021.03.09"]
[Round "4"]
[White "andriipalchuk"]
[Black "VinzentSpitzl"]
[Result "1-0"]
[WhiteElo "2561"]
[BlackElo "2359"]
[TimeControl "180+1"]
[EndTime "10:38:48 PST"]
[Termination "andriipalchuk won by resignation"]

1. d4 d5 2. c4 e6 3. Nc3 Nf6 4.
Nf3 Be7 5. Bf4 O-O 6. e3 b6 7.
Rc1 Bb7 8. cxd5 exd5 9. Bd3 c5 10. O-O Nc6 11. dxc5 bxc5 12. Na4 Qa5 13. Nd2 Nb4 14. Nxc5 Bxc5 15. Nb3 Qxa2 16. Nxc5 Nxd3 17. Qxd3 Bc6 18. b4 a6 19. Rc2 1-0

[Event "*** Titled Tuesday Blitz"]
[Site "Chess.com"]
[Date "2021.03.09"]
[Round "4"]
[White "FeketeBarika"]
[Black "mary-sanna"]
[Result "0-1"]
[WhiteElo "2260"]
[BlackElo "2070"]
[TimeControl "180+1"]
[EndTime "10:38:52 PST"]
[Termination "mary-sanna won by resignation"]

1. Nf3 d5 2. g3 Nf6 3. Bg2 g6 4. c4 c6 5. O-O Bg7 6. cxd5 cxd5 7. d4 O-O 8. Nc3 Nc6 9. Bf4 a6 10. Ne5 Be6 11. Rc1 Nh5 12. Nxc6 bxc6 13. Na4 Nxf4 14. gxf4 Qc8 15. Nb6 Qb7 16. Nxa8 Rxa8 17. b3 Bh6 18. e3 Bg7 19. Rc5 Bd7 20. Qc2 e6 21. Rc1 Rc8 22.
Qc3 Bf8 23. Ra5 Bb4 0-1

[Event "*** Titled Tuesday Blitz"]
[Site "Chess.com"]
[Date "2021.03.09"]
[Round "4"]
[White "tandaleo"]
[Black "juancruzarias"]
[Result "1-0"]
[WhiteElo "2350"]
[BlackElo "2573"]
[TimeControl "180+1"]
[EndTime "10:38:56 PST"]
[Termination "tandaleo won by resignation"]

1. d4 Nf6 2. c4 c5 3. d5 e5 4. Nc3 d6 5. e4 Nbd7 6. Be2 Be7 7. g4 h6 8. Be3 Nh7 9. Qd2 Bg5 10. Bxg5 Qxg5 11.
h4 Qxd2+ 12. Kxd2 a6 13. f3 Nhf8 14. Nh3 Ng6 15. h5 Ngf8 16. Nf2 Nh7 17. Nd3 Ng5 18. a3 Ke7 19. b4 b6 20. Rhb1 Bb7 21. bxc5 dxc5 22. Na4 b5 23. Naxc5 Nxc5 24. Nxc5 Bc8 25. cxb5 axb5 26. Rxb5 Kd6 27. Rb6+ Kxc5 28. Rc6+ 1-0

[Event "*** Titled Tuesday Blitz"]
[Site "Chess.com"]
[Date "2021.03.09"]
[Round "4"]
[White "masrahi"]
[Black "Ze-Pequeno"]
[Result "0-1"]
[WhiteElo "2198"]
[BlackElo "2251"]
[TimeControl "180+1"]
[EndTime "10:39:00 PST"]
[Termination "Ze-Pequeno won by resignation"]

1. d4 Nf6 2. Bf4 c5 3. e3 Qb6 4.
Nc3 d6 5. Rb1 g6 6. Nf3 Bg7 7.
h3 O-O 8. Be2 Nbd7 9. O-O a6 10.
Re1 Qc7 11. Bh2 b5 12. a3 Bb7 13. Nd2 Rac8 14. Bf3 Rfe8 15. Bxb7 Qxb7 16. Nf3 Nb6 17. e4 cxd4 18. Nxd4 Nc4 19. Qd3 Qc7 20. Nd5 Nxd5 21. exd5 Qc5 22. c3 Qxd5 23. b3 Nxa3 24. Ra1 Bxd4 25.
Rxa3 Bxf2+ 0-1

[Event "*** Titled Tuesday Blitz"]
[Site "Chess.com"]
[Date "2021.03.09"]
[Round "4"]
[White "miredenizdogan"]
[Black "Synctel"]
[Result "1-0"]
[WhiteElo "2261"]
[BlackElo "2000"]
[TimeControl "180+1"]
[EndTime "10:39:01 PST"]
[Termination "miredenizdogan won by resignation"]

1. d4 Nf6 2. c4 e6 3. Nf3 Bb4+ 4. Bd2 Qe7 5. a3 Bxd2+ 6. Qxd2 a5 7. Nc3 d6 8. e3 O-O 9. Be2 c6 10. O-O e5 11.
dxe5 dxe5 12. Rfd1 Bf5 13. Qd6 Qxd6 14. Rxd6 Nbd7 15. Rad1 Rfe8 16. e4 Be6 17. Na4 Nc5 18. Nxc5 1-0

[Event "*** Titled Tuesday Blitz"]
[Site "Chess.com"]
[Date "2021.03.09"]
[Round "4"]
[White "Gusarov91"]
[Black "Kaslask"]
[Result "0-1"]
[WhiteElo "2521"]
[BlackElo "2341"]
[TimeControl "180+1"]
[EndTime "10:39:05 PST"]
[Termination "Kaslask won by checkmate"]

1. d4 Nf6 2. Nf3 e6 3. c4 d5 4. g3 Be7 5. Bg2 O-O 6. O-O dxc4 7. Na3 a6 8. Nxc4 c5 9. Nfe5 cxd4 10. a4 Nc6 11.
Bxc6 bxc6 12. Nxc6 Qc7 13. Nxe7+ Qxe7 14. Qxd4 Rd8 15.
Qh4 e5 16. Bg5 Rd4 17. Bxf6 gxf6 18. Qh6 Rxc4 19. Rac1 Be6 20. b3 Rxc1 21. Rxc1 Bxb3 22. a5 Rd8 23. h4 Rd1+ 24. Rxd1 Bxd1 25. Qd2 Ba4 26.
e4 Qd7 27. Qb4 Bc6 28. Kg2 Qd4 29. Qb8+ Kg7 30. f3 Qd2+ 31. Kh3 Bd7+ 32. g4 Qf2 33.
Qb3 h5 34. Qxf7+ Kxf7 35. f4 hxg4# 0-1

[Event "*** Titled Tuesday Blitz"]
[Site "Chess.com"]
[Date "2021.03.09"]
[Round "4"]
[White "KruHor"]
[Black "alexrustemov"]
[Result "0-1"]
[WhiteElo "2544"]
[BlackElo "2769"]
[TimeControl "180+1"]
[EndTime "10:39:09 PST"]
[Termination "alexrustemov won by resignation"]

1. e4 e6 2. d4 d5 3. Nc3 Bb4 4.
Bd2 dxe4 5. Nxe4 Qxd4 6. Bd3 Bxd2+ 7. Qxd2 Qxb2 8. Rd1 Nd7 9. Nf3 Ngf6 10. O-O O-O 11. Qf4 c6 12. Nd6 Nc5 13. Bc4 Qxc2 14. Rc1 Nd3 15. Bxd3 Qxd3 16. Rfd1 Qa3 17. Ne5 Nd5 18.
Rxd5 exd5 0-1

[Event "*** Titled Tuesday Blitz"]
[Site "Chess.com"]
[Date "2021.03.09"]
[Round "4"]
[White "Zmeeed63"]
[Black "Witik"]
[Result "0-1"]
[WhiteElo "2451"]
[BlackElo "2618"]
[TimeControl "180+1"]
[EndTime "10:39:13 PST"]
[Termination "Witik won by resignation"]

1. d4 d5 2. c4 e6 3. Nc3 c6 4. e3 Bd6 5. Nf3 f5 6. Bd3 Nf6 7. Qc2 O-O 8. cxd5 cxd5 9. O-O Nc6 10. a3 Ne4 11. Bd2 Bd7 12. Rac1 Rc8 13. b4 g5 14. Qa2 g4 15. Ne1 Rf6 16. Nxe4 fxe4 17. Be2 Bxh2+ 18. Kh1 g3 19. f3 Rh6 20. fxe4 Bg1+ 21. Kxg1 Rh1+ 22.
Kxh1 Qh4+ 0-1

[Event "*** Titled Tuesday Blitz"]
[Site "Chess.com"]
[Date "2021.03.09"]
[Round "4"]
[White "mishanick"]
[Black "Onischuk_V"]
[Result "1-0"]
[WhiteElo "3011"]
[BlackElo "2824"]
[TimeControl "180+1"]
[EndTime "10:39:19 PST"]
[Termination "mishanick won by resignation"]

1. e4 d6 2. d4 Nf6 3. Nc3 g6 4. f4 Bg7 5. Nf3 O-O 6. Bd3 Na6 7. O-O c5 8. d5 Bg4 9. h3 Bxf3 10. Rxf3 Nc7 11.
a4 a6 12. a5 e6 13. dxe6 Nxe6 14. Be3 Nd4 15. Rf1 Re8 16. Qd2 Nc6 17. f5 Nd7 18.
Nd5 Re5 19. Bg5 Qf8 20. Bf4 Rae8 21. f6 Nxf6 22. Bxe5 Nxd5 23. Bxg7 Qxg7 24. exd5 Qd4+ 25. Qf2 Ne5 26. Qxd4 1-0

[Event "*** Titled Tuesday Blitz"]
[Site "Chess.com"]
[Date "2021.03.09"]
[Round "4"]
[White "googlegoom"]
[Black "Vaathi_Coming"]
[Result "0-1"]
[WhiteElo "2475"]
[BlackElo "2798"]
[TimeControl "180+1"]
[EndTime "10:39:21 PST"]
[Termination "Vaathi_Coming won by checkmate"]

1. Nf3 Nf6 2. b3 g6 3. Bb2 Bg7 4. e3 O-O 5. Be2 b6 6. d4 Bb7 7.
O-O d5 8. Nbd2 Nbd7 9. c4 c5 10. Qc2 Rc8 11. dxc5 Nxc5 12. Rfd1 e6 13. Rac1 Qe7 14.
Qb1 Rfd8 15. Qa1 Nh5 16. Nd4 e5 17. N4f3 d4 18. exd4 Nf4 19. Bf1 exd4 20. b4 Ncd3 21. Rb1 Nxb2 22. Qxb2 d3 23. Qb3 Qd7 24. h3 Bh6 25. c5 Ne2+ 26. Kh1 Bxd2 27. Nxd2 Qxh3# 0-1

[Event "*** Titled Tuesday Blitz"]
[Site "Chess.com"]
[Date "2021.03.09"]
[Round "4"]
[White "Slovak_fighter2000"]
[Black "Sanyura"]
[Result "0-1"]
[WhiteElo "2426"]
[BlackElo "2611"]
[TimeControl "180+1"]
[EndTime "10:39:22 PST"]
[Termination "Sanyura won by resignation"]

1. d4 Nf6 2. Nf3 g6 3. c4 Bg7 4. Nc3 d6 5. e4 O-O 6. Be2 e5 7.
Be3 Ng4 8. Bg5 f6 9. Bh4 Nc6 10. d5 Ne7 11. Nd2 Nh6 12. f3 c5 13. a3 g5 14. Bf2 f5 15. b4 b6 16. O-O f4 17.
bxc5 bxc5 18. Rb1 Rf6 19. Re1 Rg6 20. h3 Nf7 21. Nf1 h5 22. Nh2 Nh6 23. Rb2 Kh7 24. Nb5 Neg8 25. Nc3 g4 26. hxg4 hxg4 27. Nxg4 Nxg4 28.
fxg4 Nh6 29. Bf3 Nxg4 30. Qe2 Qg5 31. Reb1 Qh5 32. Kf1 Qh1+ 33. Bg1 Ne3+ 34. Kf2 Qh4+ 0-1

[Event "*** Titled Tuesday Blitz"]
[Site "Chess.com"]
[Date "2021.03.09"]
[Round "4"]
[White "FMOlexandrProhorov"]
[Black "chessdiamant"]
[Result "0-1"]
[WhiteElo "2114"]
[BlackElo "2309"]
[TimeControl "180+1"]
[EndTime "10:39:25 PST"]
[Termination "chessdiamant won by resignation"]

1. Nf3 c5 2. g3 Nc6 3. Bg2 g6 4. c4 Bg7 5. Nc3 Nh6 6. h4 Nf5 7. h5 d6 8. d3 Bd7 9. Nd2 Rb8 10. Nf1 a6 11. Ne3 Nxe3 12. Bxe3 b5 13. Rb1 bxc4 14.
dxc4 Rxb2 15. Rxb2 Bxc3+ 16. Rd2 O-O 17. hxg6 fxg6 18.
Qc2 Qa5 19. Kf1 Bxd2 20. Bxd2 Qa3 21. Bd5+ e6 22. Be4 Qxg3 23. f3 Nd4 24. Qd3 d5 25. cxd5 Bb5 0-1

[Event "*** Titled Tuesday Blitz"]
[Site "Chess.com"]
[Date "2021.03.09"]
[Round "4"]
[White "IANOV0007"]
[Black "PushingpawnsNYC"]
[Result "1-0"]
[WhiteElo "2491"]
[BlackElo "2304"]
[TimeControl "180+1"]
[EndTime "10:39:26 PST"]
[Termination "IANOV0007 won by checkmate"]

1. Nf3 Nf6 2. g3 g6 3. b3 Bg7 4. Bb2 O-O 5. Bg2 d5 6. c4 c6 7. O-O Bf5 8. d3 Qc8 9. Re1 Bh3 10. Bh1 h6 11. Nbd2 Re8 12. Rc1 Qd7 13. Ne5 Qe6 14. Ndf3 Ng4 15. cxd5 cxd5 16. d4 Nxe5 17. Nxe5 Nd7 18. e4 Nxe5 19. exd5 Qg4 20. dxe5 Rad8 21. Qxg4 Bxg4 22. f4 f6 23. Rc7 Rd7 24. Rec1 fxe5 25. fxe5 Rxc7 26. Rxc7 Rc8 27. Rxc8+ Bxc8 28. Be4 g5 29.
Kf2 g4 30. Ke3 Kf7 31. e6+ Kf8 32. Bxg7+ Kxg7 33. Kf4 Kf6 34. Kxg4 Ke5 35. Bg2 b5 36. Kh5 a5 37. Kxh6 a4 38. bxa4 bxa4 39. a3 Kd4 40. Kg7 Kc3 41. Kf7 Kb3 42. Kxe7 Kxa3 43. Kd8 Kb3 44.
e7 a3 45. e8=Q a2 46. Qb5+ Kc2 47. Qc4+ Kb2 48. Qb4+ Kc1 49. Qc3+ Kb1 50. Qb3+ Ka1 51. Be4 Bf5 52. Qc3# 1-0